AoeStats
← Azrail_24

Socotra

504297004Analyzed
3v3 RM · 28d ago on Sep 4, 2026· 44m 14s· 6 players
Game mode
Random Map
Map size
128×128
Population
200
Speed
Normal
Resources
Standard
Victory
Conquest
Starting age
Dark Age
Ending age
Imperial Age
RankedLock teamsTeams togetherTeam positionsShared explorationLock speedFull tech treeHidden civsTurbo modeCheats
Victory
Defeat
🇹🇷 Bohemians · Türkiye
931
+14
🇦🇹 Britons · Austria
814
+19
🇭🇺 Armenians · Hungary
809
+18
🇧🇪 Huns · Belgium
895
-18
🇦🇹 Byzantines · Austria
877
-34
🇧🇪 Italians · Belgium
861
-16
merk_w
0:28 Loom
13:12 Feudal Age
13:34 Man-at-Arms
17:37 Forging
17:28 Scale Mail Armor
18:33 Double-Bit Axe
27:19 Castle Age
28:07 Crossbowman
30:00 Bow Saw
29:42 Long Swordsman
30:30 Thumb Ring
31:04 Horse Collar
31:42 Stone Mining
31:56 Padded Archer Armor
31:47 Fletching
31:57 Gold Mining
33:26 Squires
37:06 Wheelbarrow
42:45 Imperial Age
EyesOfWar
wohja182
5:59 Loom
12:12 Feudal Age
18:32 Castle Age
17:05 Double-Bit Axe
18:50 Scale Barding Armor
18:42 Horse Collar
21:56 Bow Saw
22:41 Wheelbarrow
27:09 Gold Mining
28:41 Gold Shaft Mining
28:28 Heavy Plow
34:36 Imperial Age
33:12 Chain Barding Armor
36:19 Chemistry
35:40 Ballistics
35:49 Redemption
35:28 Light Cavalry
38:51 Plate Barding Armor
38:43 Hussar
42:23 Forging
Crimson_Tide
7:48 Loom
10:03 Feudal Age
11:31 Wheelbarrow
20:22 Castle Age
18:43 Double-Bit Axe
18:41 Horse Collar
21:22 Hand Cart
26:00 Town Watch
30:43 Imperial Age
29:05 Wagenburg Tactics
29:11 Padded Archer Armor
31:13 Chemistry
31:02 Fletching
31:22 Forging
31:13 Scale Mail Armor
31:29 Leather Archer Armor
31:37 Ballistics
32:04 Conscription
32:46 Hussite Reforms
33:14 Squires
32:36 Pikeman
35:25 Heavy Plow
35:53 Bow Saw
35:27 Elite Hussite Wagon
37:45 Treadmill Crane
38:00 Murder Holes
38:23 Chain Mail Armor
38:43 Iron Casting
38:15 Scale Barding Armor
38:40 Ring Archer Armor
38:05 Bodkin Arrow
39:15 Husbandry
40:53 Cavalier
42:15 Chain Barding Armor
42:27 Plate Mail Armor
42:57 Blast Furnace
GuZ
1:20 Loom
11:48 Feudal Age
12:22 Double-Bit Axe
12:47 Man-at-Arms
14:08 Scale Mail Armor
15:51 Arson
16:01 Long Swordsman
25:35 Horse Collar
28:42 Castle Age
27:19 Forging
27:07 Stone Mining
31:44 Gold Mining
32:08 Bow Saw
32:01 Heavy Plow
34:36 Wheelbarrow
33:47 Town Watch
34:17 Gambesons
34:33 Squires
33:54 Two-Handed Swordsman
37:00 Chain Mail Armor
38:54 Gold Shaft Mining
39:01 Fletching
43:30 Iron Casting
44:09 Champion
Azrail_24
3:04 Loom
11:33 Feudal Age
12:31 Man-at-Arms
19:11 Double-Bit Axe
20:55 Gold Mining
22:00 Horse Collar
22:42 Stone Mining
26:10 Castle Age
26:05 Fletching
26:15 Padded Archer Armor
27:16 Crossbowman
27:21 Long Swordsman
27:49 Gambesons
28:09 Squires
27:54 Elite Skirmisher
28:54 Forging
28:58 Pikeman
33:38 Bow Saw
35:21 Gold Shaft Mining
38:05 Imperial Age
36:17 Yeomen
37:45 Heavy Plow
37:57 Town Watch
41:03 Conscription
42:51 Bodkin Arrow
43:11 Leather Archer Armor
43:32 Iron Casting
42:58 Scale Mail Armor
44:57 Wheelbarrow
44:23 Town Patrol
43:46 Elite Longbowman
44:28 Warwolf
44:39 Scale Barding Armor
Connection lost

Rejoining the realm…

Still unreachable

The connection could not be restored.

Session expired

The server has moved on; the page needs a fresh start.